 Dungeon Crawl Stone Soup version 0.30.1-11-g7821555f0a (webtiles) character file.

Game seed: 3200683109752182678

588 ChrisAssaf the Poker (level 7, -2/48 HPs)
             Began as a Human Monk on Dec 26, 2023.
             Was an Elder of Cheibriados.
             Slain by Edmund
             ... wielding a +4 dire flail of protection
              (11 damage)
             ... on level 5 of the Dungeon.
             The game lasted 00:17:02 (4474 turns).

ChrisAssaf the Poker (Human Monk)                   Turns: 4474, Time: 00:17:03

Health: -2/48      AC:  6    Str: 21    XL:     7   Next: 65%
Magic:  8/10       EV: 15    Int: 21    God:    Cheibriados [****..]
Gold:   161        SH:  0    Dex: 24    Spells: 9/9 levels left

rFire   . . .        e - +1 dagger (venom)
rCold   . . .        d - orb {light}
rNeg    . . .        t - +1 robe of the Voracious God {rElec}
rPois   .            (helmet restricted)
rElec   +            r - +2 cloak
rCorr   .            (no gloves)
SInv    .            (no boots)
Will    .....        (no amulet)
Stlth   +            (no ring)
HPRegen 0.28/turn    (no ring)
MPRegen 0.12/turn

%: no passive effects
@: glowing, very slow
A: horns 1, frail 1, high MP 1
a: Renounce Religion, Bend Time, Temporal Distortion, Slouch


You were on level 5 of the Dungeon.
You worshipped Cheibriados.
Cheibriados was greatly pleased with you.
You visited 1 branch of the dungeon, and saw 5 of its levels.

You collected 161 gold pieces.

Inventory:

Hand Weapons
 a - a +0 spear
 e - a +1 dagger of venom (weapon)
Armour
 b - a +0 robe
 d - an orb of light (worn)
 r - a +2 cloak (worn)
 t - the +1 robe of the Voracious God (worn) {rElec}
   (You found it on level 5 of the Dungeon)

   rElec:     It insulates you from electricity.
Wands
 f - a wand of flame (22)
 h - a wand of polymorph (10)
Scrolls
 g - 2 scrolls of fog
 m - a scroll of amnesia
 n - 2 scrolls of fear
 o - 2 scrolls of noise
 p - a scroll of teleportation
 s - 2 scrolls of butterflies {unknown}
Potions
 c - a potion of ambrosia
 i - 2 potions of brilliance
 j - 2 potions of might {unknown}
 k - 4 potions of degeneration
 l - 3 potions of flight
 q - 2 potions of curing {unknown}


   Skills:
 * Level 4.2 Fighting
 * Level 1.6 Short Blades
 * Level 4.6(4.8) Polearms
 * Level 1.8(3.4) Staves
 * Level 2.1 Armour
 * Level 4.2 Dodging
 * Level 1.6 Stealth
 * Level 1.5 Spellcasting
 * Level 0.7 Invocations
 * Level 1.5 Evocations


You had 9 spell levels left.
You didn't know any spells.
Your spell library was empty.

Dungeon Overview and Level Annotations

Branches:
Dungeon (5/15)
 Temple: D:4-7

Altars:
Cheibriados
Kikubaaqudgha
Trog
Uskayaw
Yredelemnul

Annotations:
D:5 Edmund


Innate Abilities, Weirdness & Mutations

You have a pair of small horns on your head.
You are frail. (-10% HP)
You have an increased reservoir of magic. (+10% MP)


Message History

You don't know any spells.
You hit the iguana but do no damage.
The iguana is poisoned.
The iguana bites you but does no damage.
You hit the iguana.
The iguana looks as sick as possible!
You headbutt the iguana!
The iguana is severely wounded.
You hit the iguana.
The iguana looks as sick as possible!
The iguana is almost dead.
You kill the iguana!
Cheibriados thoroughly appreciates the change of pace.
Unknown command.
The flow of time bends around you.
Cheibriados rebukes Edmund.
Edmund seems to slow down.
Edmund hits you with a +4 dire flail of protection.
You hit Edmund but do no damage.
Edmund is poisoned.
You headbutt Edmund.
Edmund is lightly wounded.
Edmund hits you with a +4 dire flail of protection!
You hit Edmund.
Edmund looks as sick as possible!
Edmund is lightly wounded.
You hit Edmund.
Edmund looks as sick as possible!
Edmund is moderately wounded.
Edmund hits you with a +4 dire flail of protection.
The black bear growls angrily.
You hit Edmund but do no damage.
Edmund is moderately wounded.
You hear an angry hiss.
Edmund hits you with a +4 dire flail of protection!
Edmund attacks as you move away! Edmund completely misses you.
An adder comes into view.
Edmund attacks as you move away! Edmund misses you.
Edmund is no longer moving slowly.
A water moccasin comes into view.
Edmund attacks as you move away!
Edmund hits you with a +4 dire flail of protection!
* * * LOW HITPOINT WARNING * * *
Edmund barely misses you. Edmund attacks as you move away!
Edmund closely misses you.
Edmund hits you with a +4 dire flail of protection!
You die...

#######.#.###.#
...............
#..####...###.# .
#.≈.# .. #.≈.#
...########.≈.#
.....#....#.≈.#
.....$....#...#####
..........†...h@@.#
..........#._.###.#
..........#...# ...
..........#...#
.###
..........#.≈.# ##
..####....#.≈.# ##
#....#S≈.# #
#.####S≈.# #...#


You could see Edmund (very poisoned) and a black bear.

Vanquished Creatures
  A phantom (D:5)
  A necrophage (D:5)
  A wight (D:5)
  A howler monkey (D:3)
  A hound (D:4)
  A human zombie (D:5)
  Jessica (D:2)
  3 iguanas
  An orc wizard (D:4)
  A mummy (D:5)
  5 adders
  A white imp (D:4)
  An adder zombie (D:5)
  2 worms (D:2)
  A dart slug (D:1)
  5 orcs (D:4)
  9 endoplasms
  6 giant cockroaches
  12 goblins
  6 hobgoblins
  3 jackals (D:1)
  3 kobolds
  5 quokkas
  3 ball pythons
  8 bats
  11 frilled lizards
  9 rats
102 creatures vanquished.

Notes
Turn   | Place    | Note
-------+----------+-------------------------------------------
     0 | D:1      | ChrisAssaf the Human Monk began the quest for the Orb.
     0 | D:1      | Reached XP level 1. HP: 18/18 MP: 1/1
   112 | D:1      | Reached XP level 2. HP: 24/24 MP: 2/2
   133 | D:2      | Noticed Jessica
   137 | D:2      | Killed Jessica
   138 | D:2      | Reached XP level 3. HP: 20/29 MP: 3/3
   314 | D:3      | Found a hide-covered altar of Uskayaw.
   314 | D:3      | Noticed a +0 short sword
   314 | D:3      | Noticed a +0 short sword
   315 | D:3      | Noticed a +0 spear
   315 | D:3      | Noticed a +0 dagger
   316 | D:3      | Noticed a +0 dagger
   316 | D:3      | Noticed a +0 falchion
   316 | D:3      | Noticed a +0 spear
   328 | D:3      | Gained mutation: You are frail. (-10% HP) [potion of
                  | mutation]
   328 | D:3      | Gained mutation: You have an increased reservoir of magic.
                  | (+10% MP) [potion of mutation]
   328 | D:3      | Gained mutation: You have a pair of small horns on your
                  | head. [potion of mutation]
   422 | D:3      | Reached skill level 1 in Staves
   422 | D:3      | Reached XP level 4. HP: 27/31 MP: 5/5
   528 | D:3      | Reached skill level 1 in Armour
   549 | D:4      | Reached XP level 5. HP: 33/36 MP: 6/6
   592 | D:4      | Reached skill level 1 in Spellcasting
   759 | D:4      | Reached skill level 1 in Stealth
   862 | D:4      | Found a snail-covered altar of Cheibriados.
   865 | D:4      | Became a worshipper of Cheibriados the Contemplative
   865 | D:4      | Reached * piety under Cheibriados
   865 | D:4      | Reached ** piety under Cheibriados
  1226 | D:4      | Reached XP level 6. HP: 43/43 MP: 8/8
  1403 | D:4      | Reached skill level 1 in Evocations
  1460 | D:4      | Noticed Robin
  1466 | D:4      | Robin changed into Robin the frilled lizard
  1466 | D:4      | Noticed Robin
  1467 | D:4      | Killed Robin the frilled lizard
  2194 | D:3      | Noticed a +0 falchion
  2216 | D:3      | Found a basalt altar of Yredelemnul.
  2570 | D:2      | Reached *** piety under Cheibriados
  3488 | D:1      | Reached **** piety under Cheibriados
  3921 | D:5      | Entered Level 5 of the Dungeon
  3925 | D:5      | Identified the +1 robe of the Voracious God {rElec}
  4014 | D:5      | HP: 1/43 [wight/+3 battleaxe of freezing (3)]
  4016 | D:5      | Reached XP level 7. HP: 1/48 MP: 6/9
  4183 | D:5      | Found an ancient bone altar of Kikubaaqudgha.
  4201 | D:5      | Reached skill level 1 in Short Blades
  4434 | D:5      | Found a bloodstained altar of Trog.
  4453 | D:5      | Noticed Edmund
  4472 | D:5      | Noticed a water moccasin
  4474 | D:5      | Slain by Edmund

Illustrated notes

Levels and vault maps discovered:
D:1:      dpeg_arrival_solitude, layout_loops_ring
D:2:      layout_rooms, minmay_lizard_pond, uniq_jessica
D:3:      minmay_chambers_of_threes, layout_basic, nicolae_uskayaw_en_pointe,
          yredelemnul_altar_generic
D:4:      layout_loops_corners, kennysheep_mini_moat, uniq_robin
D:5:      layout_basic, lemuel_mausoleum_altar_kikubaaqudgha,
          mainiacjoe_overflow_boulevard, minmay_temple_entry_slanted,
          serial_shops, shop, uniq_edmund

Skill      XL: |  1  2  3  4  5  6  7 |
---------------+----------------------+-----
Staves         | 1 |  1.8
Armour         | 1 2 |  2.1
Spellcasting   | 1 |  1.5
Stealth        | 1 |  1.6
Polearms       | 4 |  4.6
Evocations     | 1 |  1.5
Fighting       | 4 |  4.2
Short Blades   | 1 |  1.6
Dodging        | 4 |  4.2
Invocations    | |  0.7

Action                     |  1- 3 |  4- 6 |  7- 9 || total
---------------------------+-------+-------+-------++-------
  Melee: Spear             |    50 |   111 |       ||   161
         Headbutt          |     7 |    58 |    15 ||    80
         Dagger            |       |   104 |    48 ||   152
 Invoke: Bend Time         |       |     1 |     1 ||     2
  Evoke: Wand              |       |     2 |       ||     2
    Use: Scroll            |     3 |     8 |     1 ||    12
         Potion            |     1 |     3 |       ||     4
   Stab: Sleeping          |       |     1 |       ||     1
 Armour: Robe              |     7 |    36 |    11 ||    54
  Dodge: Dodged            |    36 |   217 |    30 ||   283
